 Dungeon Crawl Stone Soup version 0.17-a0-1763-g847a857 (webtiles) character file.

110 abixa the Ruffian (level 4, -1/44 HPs)
             Began as a Troll Chaos Knight on Sept 4, 2015.
             Slain by Natasha (10 damage)
             ... on level 2 of the Dungeon.
             The game lasted 00:08:10 (1891 turns).

abixa the Ruffian (Troll Chaos Knight)              Turns: 1891, Time: 00:08:10

Health: -1/44      AC:  7    Str: 20    XL:     4   Next: 61%
Magic:  3/3        EV: 10    Int:  8    God:    Xom [..*...]
Gold:   252        SH:  0    Dex: 10    Spells: 0 memorised, 3 levels left

rFire  . . .     SeeInvis .       - Unarmed
rCold  . . .     Clarity  .     k - +2 animal skin
rNeg   . . .     SustAt   .     (no shield)
rPois  .         Gourm    +     q - +0 hat
rElec  .         Spirit   .     (no cloak)
rCorr  .         Warding  .     (gloves unavailable)
rMut   .         Stasis   .     (boots unavailable)
MR     .....                    i - amulet of inaccuracy (curse)
Stlth  +.........               (no ring)
                                (no ring)

@: lethally poisoned (-1 -> -1), very slightly contaminated, not resistant to
hostile enchantments, very unstealthy
A: unfitting armour, claws 3, fast metabolism 3, gourmand, regeneration 2,
shaggy fur 1, tough skin 2
a: Renounce Religion


You were on level 2 of the Dungeon.
You worshipped Xom.
You were a toy of Xom.
You were very full.

You visited 1 branch of the dungeon, and saw 2 of its levels.
You visited the Abyss 1 time.

You collected 252 gold pieces.

Inventory:

Missiles
 e - 95 arrows
 n - 67 stones (quivered)
 p - a throwing net
 v - 19 sling bullets
Armour
 k - a +2 animal skin (worn)
 q - a +0 hat (worn)
Jewellery
 i - a cursed amulet of inaccuracy (around neck)
 r - an uncursed amulet of resist corrosion {unknown}
Magical devices
 j - a wand of magic darts (36)
 l - a wand of cold (5)
Scrolls
 a - a scroll of remove curse {unknown}
 c - a scroll of magic mapping {unknown}
 d - a scroll of identify {unknown}
 g - a scroll of blinking {unknown}
 h - a scroll of teleportation {unknown}
 u - a scroll of enchant armour {unknown}
Potions
 m - a potion of heal wounds {unknown}
 s - a potion of ambrosia {unknown}
Comestibles
 b - 3 bread rations
 f - a slice of pizza
 o - a royal jelly
 t - a meat ration


   Skills:
 - Level 2.4 Fighting
 - Level 1.9 Dodging
 + Level 5.4 Unarmed Combat


You had 3 spell levels left.
You didn't know any spells.

Dungeon Overview and Level Annotations

Branches:
Dungeon (2/15)

Altars:

Annotations:
D:2 Natasha


Innate Abilities, Weirdness & Mutations

You are too large for most types of armour.
You have claws for hands.
Your metabolism is lightning-fast.
You like to eat raw meat.
You heal very quickly.
You are covered in fur (AC +1).
You have very tough skin (AC +2).


Message History

Natasha is moderately wounded.
Natasha claws you but does no damage. Natasha closely misses you.
A kobold comes into view. It is wielding a club.
You miss Natasha.
Natasha is moderately wounded.
The kobold shouts!
The crimson imp blinks!
Natasha casts a spell at you. You resist with some effort.
You scratch Natasha.
Natasha is heavily wounded.
Natasha barely misses you.
You barely miss Natasha.
Natasha is heavily wounded.
You feel sick.
Xom titters.
The kobold looks rather confused.
The crimson imp looks rather confused.
Natasha claws you!
You die...
Xom titters!

#.# #.#.............# #.##
#.###...........# #..#
#...#...........#
##K###...#.........[.#
#..##...#...........#
##.##...............#
#.##.###..........## #####
#..#.# ############ #...#
##@#.# #...########h#.#
#............#.#
#......ยง...5.#.#
#............#.#
######..............#
.....+..............#######
######...#####............##
######...# #.....>..###..##


You could see Natasha, a crimson imp (confused) and a kobold (confused).

Vanquished Creatures
  Robin (D:2)
  6 adders (D:2)
  A giant gecko (D:1)
  6 bats
  2 giant cockroaches (D:1)
  12 goblins
  8 hobgoblins
  A ball python (D:2)
  2 giant newts
  2 jackals (D:2)
  A kobold (D:1)
  6 rats
48 creatures vanquished.

Notes
Turn   | Place    | Note
--------------------------------------------------------------
     0 | D:1      | abixa the Troll Chaos Knight began the quest for the Orb.
     0 | D:1      | Reached XP level 1. HP: 22/22 MP: 0/0
   116 | D:1      | XOM: harmless Chrm miscast
   364 | D:1      | Reached XP level 2. HP: 29/29 MP: 1/1
   476 | D:1      | XOM: torment (16/29 hp)
   838 | D:1      | XOM: silly message
   846 | D:1      | XOM: divination: detect creatures
   915 | D:2      | Reached skill level 4 in Unarmed Combat
   936 | D:2      | Reached XP level 3. HP: 34/36 MP: 2/2
   937 | D:2      | Noticed Robin
   957 | D:2      | XOM: butterfly on damage
   958 | D:2      | Killed Robin
   964 | D:2      | XOM: summons 3 friendly demons
   975 | D:2      | Reached XP level 4. HP: 18/44 MP: 3/3
  1006 | D:2      | Reached skill level 5 in Unarmed Combat
  1029 | D:2      | XOM: god gift: ivory wand {god gift}
  1056 | D:2      | XOM: colour smoke trail
  1069 | D:2      | XOM: god gift: yellow potion
  1268 | D:2      | XOM: divination: magic mapping
  1417 | D:2      | XOM: medium Tloc miscast
  1417 | D:2      | Cast into the Abyss (the capriciousness of Xom)
  1423 | Abyss:1  | XOM: divination: detect items
  1458 | Abyss:1  | Noticed an eight-headed hydra skeleton
  1474 | Abyss:1  | Found an ancient bone altar of Kikubaaqudgha.
  1477 | Abyss:1  | Found a corrupted altar of Lugonu.
  1485 | Abyss:1  | Noticed a small abomination
  1503 | Abyss:1  | Noticed a shadow dragon zombie
  1504 | Abyss:1  | XOM: enchant monster (good)
  1519 | D:2      | Escaped the Abyss
  1523 | D:2      | XOM: mild Tloc miscast
  1524 | D:2      | Noticed a spatial vortex
  1675 | D:1      | XOM: potion effect (invisibility)
  1706 | D:1      | XOM: enchant monster (good)
  1842 | D:2      | Noticed Natasha
  1860 | D:2      | XOM: enchant monster (bad)
  1878 | D:2      | XOM: enchant monster (bad)
  1891 | D:2      | XOM: confuse monster(s)
  1891 | D:2      | Slain by Natasha

Vault maps used:
D:1:      dpeg_arrival_round_b
D:2:      first_bread, eino_tiny_chamber, nicolae_underground_beach,
          uniq_natasha, uniq_robin

Action                   |  1- 3 |  4- 6 || total
-------------------------+-------+-------++-------
Melee: Unarmed           |    76 |    61 ||   137
 Stab: Sleeping          |     1 |       ||     1
       Invisible         |       |     1 ||     1
  Eat: Chunk             |    11 |    10 ||    21
